 Dungeon Crawl Stone Soup version 0.18-b1-22-ge198996 (webtiles) character file.

925 Peloso the Shield-Bearer (level 7, -10/61 HPs)
             Began as a Minotaur Fighter on May 5, 2016.
             Mangled by Menkaure (18 damage)
             ... on level 5 of the Dungeon.
             The game lasted 00:13:07 (2940 turns).

Peloso the Shield-Bearer (Minotaur Fighter)         Turns: 2940, Time: 00:13:08

Health: -10/61     AC: 13    Str: 26    XL:     7   Next: 84%
Magic:  6/6        EV:  8    Int:  5    God:
Gold:   256        SH: 11    Dex: 11    Spells: 0 memorised, 6 levels left

rFire  . . .     SeeInvis .     a - +0 long sword
rCold  . . .     Gourm    .     p - +0 chain mail
rNeg   . . .     Faith    .     c - +0 shield
rPois  .         Spirit   .     (helmet restricted)
rElec  .         Dismiss  .     x - +0 cloak
rCorr  .         Reflect  .     (no gloves)
SustAt +         Harm     .     m - +0 pair of boots
MR     .....                    q - amulet of regeneration
Stlth  ..........               u - +1 ring of protection
                                s - ring of sustain attributes

@: mighty, not resistant to hostile enchantments, extremely unstealthy
A: retaliatory headbutt, horns 2
a: no special abilities


You were on level 5 of the Dungeon.
You were near starving.

You visited 1 branch of the dungeon, and saw 5 of its levels.

You collected 256 gold pieces.

Inventory:

Hand Weapons
 a - a +0 long sword (weapon)
Armour
 b - a +0 scale mail
 c - a +0 shield (worn)
 m - a +0 pair of boots (worn)
 p - a +0 chain mail (worn)
 x - a +0 cloak (worn)
Jewellery
 j - an uncursed amulet of magic regeneration
 q - an amulet of regeneration (around neck)
 s - a ring of sustain attributes (left hand)
 u - a +1 ring of protection (right hand)
 y - an uncursed amulet of rage
Scrolls
 k - a scroll of fog {unknown}
 r - 5 scrolls of identify {unknown}
 t - 6 scrolls of remove curse {unknown}
 A - a scroll of amnesia {unknown}
 B - a scroll of magic mapping {unknown}
 C - a scroll of teleportation {unknown}
Potions
 e - a potion of flight {unknown}
 h - a potion of invisibility {unknown}
 i - 3 potions of curing {unknown}
 l - a potion of resistance {unknown}
 w - 2 potions of heal wounds {unknown}
 z - a potion of lignification {unknown}
Books
 v - Jessica's Compendium of Aid
   (You found it on level 2 of the Dungeon)

   Spells                             Type                      Level
   a - Repel Missiles                 Charms/Air                   2
Comestibles
 f - 3 bread rations
 g - 4 meat rations
 n - a beef jerky
 o - 3 fruits


   Skills:
 + Level 5.5 Fighting
 + Level 4.8 Long Blades
 + Level 6.1 Armour
 + Level 3.2 Dodging
 + Level 1.2 Stealth
 + Level 6.9 Shields


You had 6 spell levels left.
You didn't know any spells.

Dungeon Overview and Level Annotations

Branches:
Dungeon (5/15)
 Temple: D:4-7

Altars:
Ashenzari
Dithmenos
Pakellas

Shops:
D:2 }

Annotations:
D:5 Menkaure


Innate Abilities, Weirdness & Mutations

You reflexively headbutt those who attack you in melee.
You have a pair of horns on your head.


Message History

You hit Menkaure.
Menkaure is moderately damaged.
You block the orc's attack.
Menkaure points at you and mumbles some strange words.
You struggle to resist.
The orc hits you but does no damage.
Unknown command.
Drink which item? (? for menu, Esc to quit)
You feel very mighty all of a sudden.
Menkaure gestures at you while chanting.
You struggle to resist.
The orc hits you but does no damage.
You hit Menkaure but do no damage.
Menkaure is moderately damaged.
Menkaure calls on the powers of darkness!
Your body is wracked with pain!
* * * LOW HITPOINT WARNING * * *
You block Menkaure's attack. The orc hits you but does no damage.
You slash Menkaure!
Menkaure is almost destroyed.
You block Menkaure's attack. The orc barely misses you. Menkaure hits you!!
You die...

#.# #.# # ####
#.# .# #...
######.##.# #...
#.........# #...
#.........# #...
#.....M...+ +...
#....o@..# ##...
#........# ...
#.... #........#
....##....
#........#
#<.....
#.##'#.######
###.... # #.#...
..# #....
.##.##.######.#
#....
#...........##.#
#....
#.##....###.##.#
#....


You could see Menkaure and an orc.

Vanquished Creatures
  The ghost of Enroth the Skirmisher, an amateur OgFi (D:3)
  Sigmund (D:4)
  A centaur (D:5)
  2 giant frogs (D:5)
  A scorpion (D:4)
  A giant frog zombie (D:5)
  A hound (D:4)
  2 giant frog skeletons
  A gnoll shaman (D:4)
  Jessica (D:2)
  2 worker ants
  3 gnolls (D:4)
  2 adders (D:2)
  A worm (D:2)
  3 giant geckos
  3 orcs (D:5)
  2 ball pythons
  8 giant cockroaches
  10 goblins
  3 hobgoblins
  4 jackals (D:1)
  6 quokkas
  7 bats
  6 giant newts
  6 kobolds
  6 rats
84 creatures vanquished.

Notes
Turn   | Place    | Note
--------------------------------------------------------------
     0 | D:1      | Peloso the Minotaur Fighter began the quest for the Orb.
     0 | D:1      | Reached XP level 1. HP: 19/19 MP: 0/0
    68 | D:1      | Reached XP level 2. HP: 22/27 MP: 1/1
   449 | D:2      | Reached XP level 3. HP: 33/33 MP: 2/2
   922 | D:2      | Noticed Jessica
   928 | D:2      | Killed Jessica
   928 | D:2      | Reached XP level 4. HP: 40/40 MP: 3/3
   940 | D:2      | Identified Jessica's Compendium of Aid
   985 | D:2      | Found an oddly glowing altar of Pakellas.
   985 | D:2      | Found Pakellas's Prime Provisions.
  1356 | D:3      | Noticed Enroth's ghost (amateur OgFi)
  1370 | D:3      | Killed Enroth's ghost
  1370 | D:3      | Reached skill level 1 in Dodging
  1370 | D:3      | Reached skill level 5 in Shields
  1370 | D:3      | Reached XP level 5. HP: 19/47 MP: 4/4
  1651 | D:3      | Found a shadowy altar of Dithmenos.
  1659 | D:3      | Reached XP level 6. HP: 49/53 MP: 5/5
  1719 | D:3      | Found a shattered altar of Ashenzari.
  2003 | D:4      | Reached skill level 5 in Armour
  2054 | D:4      | Noticed Sigmund
  2083 | D:4      | Killed Sigmund
  2083 | D:4      | Reached skill level 5 in Fighting
  2083 | D:4      | Reached XP level 7. HP: 61/61 MP: 6/6
  2700 | D:5      | Entered Level 5 of the Dungeon
  2807 | D:5      | Reached skill level 1 in Stealth
  2928 | D:5      | Noticed Menkaure
  2940 | D:5      | Mangled by Menkaure

Skill      XL: |  1  2  3  4  5  6  7 |
---------------+----------------------+-----
Shields        | 4 5 6 |  6.9
Fighting       | 4 5 |  5.5
Armour         | 4 5 6 |  6.1
Long Blades    | 3 4 |  4.8
Dodging        | 1 2 3 |  3.2
Stealth        | 1 |  1.2

Action                   |  1- 3 |  4- 6 |  7- 9 || total
-------------------------+-------+-------+-------++-------
Melee: Long sword        |   100 |    95 |    83 ||   278
       Headbutt          |    16 |    14 |    18 ||    48
  Use: Potion            |       |       |     1 ||     1
  Eat: Chunk             |       |     3 |     2 ||     5
Armor: Scale mail        |    28 |       |       ||    28
       Chain mail        |    42 |    48 |    46 ||   136
Dodge: Dodged            |    25 |    22 |    20 ||    67
Block: Shield            |    82 |    42 |    55 ||   179
